 Dungeon Crawl Stone Soup version 0.27-a0-1065-ge809cff456 (webtiles) character file.

Game seed: 864526304124872776

154 tardwrangler69 the Shield-Bearer (level 5, -3/42 HPs)
             Began as a Formicid Fighter on Apr 23, 2021.
             Slain by an ice beast (10 damage)
             ... on level 3 of the Dungeon.
             The game lasted 00:01:43 (3458 turns).

tardwrangler69 the Shield-Bearer (Formicid Fighter) Turns: 3458, Time: 00:01:44

Health: -3/42      AC:  6    Str: 21    XL:     5   Next: 62%
Magic:  5/5        EV:  8    Int:  8    God:
Gold:   111        SH:  9    Dex: 10    Spells: 4/4 levels left

rFire    . . .     SeeInvis +   a - +0 war axe
rCold    . . .     Faith    .   c - +0 kite shield
rNeg     . . .     Spirit   .   b - +0 scale mail
rPois    .         Reflect  .   (helmet unavailable)
rElec    .         Harm     .   (no cloak)
rCorr    .         Rampage  .   (no gloves)
Will     .....                  (no boots)
Stlth    ..........             (no amulet)
HPRegen  0.14/turn              (no ring)
MPRegen  0.09/turn              (no ring)

@: no status effects
A: permanent stasis, dig shafts and tunnels, antennae 3, four strong arms
a: Dig, Shaft Self


You were on level 3 of the Dungeon.
You visited 1 branch of the dungeon, and saw 4 of its levels.

You collected 111 gold pieces.

Inventory:

Hand Weapons
 a - a +0 war axe (weapon)
Armour
 b - a +0 scale mail (worn)
 c - a +0 kite shield (worn)
Wands
 l - a wand of digging (3)
Scrolls
 f - a scroll of teleportation
 g - 2 scrolls of identify {unknown}
 h - a scroll of fog {unknown}
 k - a scroll of immolation {unknown}
Potions
 d - a potion of might
 i - a potion of flight {unknown}
 j - a potion of haste {unknown}
 m - 2 potions of curing {unknown}


   Skills:
 + Level 4.2 Fighting
 * Level 4.1 Axes
 - Level 3.2 Armour
 + Level 4.6 Shields


You had 4 spell levels left.
You didn't know any spells.
Your spell library contained the following spells:

 Spells                   Type           Power      Damage    Failure   Level
 Corona                   Hex            0%         N/A       96%         1
 Magic Dart               Conj           0%         1d3       96%         1
 Ensorcelled Hibernation  Hex/Ice        0%         N/A       99%         2
 Searing Ray              Conj           0%         3d3       99%         2
 Confusing Touch          Hex            0%         N/A       100%        3
 Dazzling Flash           Conj/Hex       0%         N/A       100%        3
 Tukima's Dance           Hex            0%         N/A       100%        3
 Fulminant Prism          Conj/Hex       0%         3d6       100%        4
 Iskenderun's Mystic Bla  Conj/Tloc      0%         2d3       100%        4


Dungeon Overview and Level Annotations

Branches:
Dungeon (4/15)
 Temple: D:4-7

Altars:


Innate Abilities, Weirdness & Mutations

You cannot be hasted, slowed, berserked, paralysed or teleported.
You can dig through walls and to a lower floor.
You have a pair of large antennae on your head. (SInv)
Your four strong arms can wield two-handed weapons with a shield.


Message History

No target in view!
You feel sick.
You feel sick.
You feel sick.
You are no longer poisoned.
Your endoplasm dissolves into shadows!
Your kobold dissolves into shadows!
Your adder dissolves into shadows!
Your goblin dissolves into shadows!
Key pressed, stopping explore.
HP restored.
You now have 111 gold pieces (gained 10).
Found a stone staircase leading up.
m - 2 lumpy orange potions (gained 1)
There is an escape hatch in the floor here.
Found a stone staircase leading down.
No target in view!
You sense a monster nearby.
An ice beast comes into view.
The ice beast moves out of view.
An orc comes into view. It is wielding a +0 club.
The orc shouts!
A ball python comes into view.
There are monsters nearby!
You block the ice beast's attack.
There is a stone staircase leading up here.
The ice beast hits you. The ice beast freezes you!
You climb upwards.
There is a stone staircase leading down here.
You closely miss the ice beast. The ice beast hits you.
The ice beast freezes you!
You hit the ice beast but do no damage. You block the ice beast's attack.
The ice beast hits you. The ice beast freezes you.
* * * LOW HITPOINT WARNING * * *
As you read the scroll labelled OFIEZX TEXIBAM, it crumbles to dust.
You feel a strange sense of stasis.
It was a scroll of teleportation.
The ice beast hits you.
* * * LOW HITPOINT WARNING * * *
The ice beast freezes you!
You die...

..#.# #....# #.......... ..#.#
#....#### #.......... ..#.#
#....+..# #.........< ..#.######
#....##.###.......... ..#.##...#
#.........'..........
....##...####.##.##.###..........
..#.#....'....##.##.##...........
..###....#######.##.##...........
..# #.......####@.......###'#####
..###.#.###.##..Y...........###
........#...##...>............#
......###.####.(............#+###
#####.....# #####...............
...##.##### #.#..##.........
##.##)# #.#...+......... ....#.#
#.#.###......... ..†...######
#.#......>.#'###


You could see an ice beast.

Vanquished Creatures
  A bullfrog skeleton (D:4)
  An iguana (D:2)
  A gnoll (D:1)
  4 adders
  A worm (D:3)
  3 dart slugs
  3 endoplasms
  5 giant cockroaches
  3 goblins
  5 hobgoblins
  3 jackals (D:1)
  2 kobolds
  3 quokkas (D:1)
  4 ball pythons (D:1)
  2 bats (D:1)
  3 frilled lizards
  6 rats
50 creatures vanquished.

Vanquished Creatures (collateral kills)
  An adder (D:4)
1 creature vanquished.

Grand Total: 51 creatures vanquished

Notes
Turn   | Place    | Note
-------+----------+-------------------------------------------
     0 | D:1      | tardwrangler69 the Formicid Fighter began the quest for the
                  | Orb.
     0 | D:1      | Reached XP level 1. HP: 18/18 MP: 1/1
    40 | D:1      | Reached XP level 2. HP: 24/24 MP: 2/2
   150 | D:1      | Found a faded altar of an unknown god.
   442 | D:1      | Reached XP level 3. HP: 29/29 MP: 3/3
   905 | D:1      | Reached XP level 4. HP: 34/37 MP: 4/4
   970 | D:1      | You fall into a shaft and drop 1 floor!
  2164 | D:3      | Reached XP level 5. HP: 42/42 MP: 5/5
  3442 | D:4      | Noticed an ice beast
  3458 | D:3      | Slain by an ice beast

Illustrated notes

Levels and vault maps discovered:
D:1:      amcnicky_arrival_feature_with_door, layout_loops_corners,
          shapermc_ecumenical_altar_gd, nrook_campfire, fountainhead,
          minmay_tree_intersection, minivault_27
D:2:      layout_loops_corners
D:3:      layout_basic
D:4:      layout_basic

Skill      XL: |  1  2  3  4  5 |
---------------+----------------+-----
Shields        | 4 |  4.6
Axes           | 3 4 |  4.1
Fighting       | 4 |  4.2
Armour         | |  3.2

Action                   |  1- 3 |  4- 6 || total
-------------------------+-------+-------++-------
Melee: War axe           |    96 |    83 ||   179
  Use: Scroll            |       |     2 ||     2
Armor: Scale mail        |    42 |    34 ||    76
Dodge: Dodged            |    38 |    28 ||    66
Block: Kite shield       |    50 |    49 ||    99

Table legend: (Time is in decaauts)
 A = Elapsed time spent in this place.
 B = Non-inter-level travel time spent in this place.
 C = Inter-level travel time spent in this place.
 D = Time resting spent in this place.
 E = Time spent auto-exploring this place.
 F = Levels seen in this place.
 G = Mean time per level.
                   A        B        C        D        E       F      G
               +--------+--------+--------+--------+--------+-----+--------+
         Total |   3549 |   3421 |    128 |      0 |   2991 |   4 |  887.2 |
       Dungeon |   3549 |   3421 |    128 |      0 |   2991 |   4 |  887.2 |
               +--------+--------+--------+--------+--------+-----+--------+

Top non-repeatable levels by time:
     D:1: 1238 daAuts
     D:3: 1086 daAuts
     D:2: 948 daAuts
     D:4: 275 daAuts
